Map: Galactic Process LE

Players

Death

  • Race: Protoss Protoss
  • League: Gold

Nickos - Winner!

  • Race: Terran Terran
  • League: Silver

VOD

Have the link to the VOD?

Description

Time

  • Played on: Sept. 16, 2016, 5:21 a.m.
  • Length: 11:31
Show
View Real Time Build Order
Export as new Build Order

Death Protoss 

Build Orders:  

Get SALT Encoding   

  12  0:01  Probe (Chrono Boost)  
  13  0:12  Probe (Chrono Boost)  
  14  0:20  Pylon  
  14  0:25  Probe (Chrono Boost)  
  15  0:39  Probe (Chrono Boost)  
  16  0:43  Gateway  
  16  0:46  Assimilator  
  16  0:50  Assimilator  
  16  0:52  Probe (Chrono Boost)  
  17  1:04  Probe (Chrono Boost)  
  18  1:14  Probe (Chrono Boost)  
  19  1:26  Probe (Chrono Boost)  
  19  1:27  Pylon  
  20  1:33  Cybernetics Core  
  20  1:37  Probe (Chrono Boost)  
  21  1:50  Probe (Chrono Boost)  
  22  2:00  Probe (Chrono Boost)  
  23  2:11  Mothership Core (Chrono Boost), Stalker  
  27  2:21  Pylon  
  27  2:29  Probe (Chrono Boost)  
  28  2:41  Robotics Facility  
  28  2:43  Robotics Facility  
  28  2:48  Probe (Chrono Boost)  
  30  2:58  Probe (Chrono Boost)  
  30  3:01  Warp Gate  
  30  3:11  Gateway  
  30  3:12  Probe (Chrono Boost)  
  31  3:32  Probe (Chrono Boost)  
  31  3:34  Immortal  
  36  3:41  Pylon  
  36  3:50  Immortal  
  38  3:56  Sentry  
  40  4:12  Pylon  
  40  4:14  Warp Prism  
  42  4:19  Gateway  
  42  4:21  Gateway  
  42  4:53  Pylon  
  42  5:00  Immortal  
  42  5:04  Immortal  
  50  5:26  Nexus  
  50  5:47  Stalker x4  
  40  6:12  Pylon  
  40  6:13  Probe (Chrono Boost)  
  40  6:14  Pylon  
  41  6:23  Stalker  
  41  6:24  Nexus, Stalker  
  45  6:40  Probe x2 (Chrono Boost)  
  45  6:45  Stalker x2  
  51  6:59  Probe x2 (Chrono Boost)  
  53  7:06  Stalker x2  
  57  7:14  Probe x2 (Chrono Boost)  
  59  7:23  Immortal  
  59  7:26  Probe x2 (Chrono Boost)  
  65  7:35  Immortal  
  65  7:53  Stalker x3  
  65  7:54  Stalker  
  73  8:09  Probe x2 (Chrono Boost)  
  73  8:11  Assimilator  
  75  8:24  Immortal x2  
  83  8:38  Assimilator  
  83  8:42  Nexus  
  83  8:51  Stalker  
  85  8:57  Probe x2 (Chrono Boost)  
  87  9:03  Observer x2  
  89  9:18  Zealot x2  
  93  9:29  Pylon x2  
  93  9:31  Pylon  
  85  9:53  Sentry x2  
  85  9:54  Sentry x2  
  85  9:56  Probe x3 (Chrono Boost)  
  96  10:08  Pylon  
  67  10:22  Stalker x4  
  49  10:29  Mothership Core (Chrono Boost)  
  49  10:32  Immortal x2  
  24  10:46  Stalker x3  
Show
View Real Time Build Order
Export as new Build Order

Nickos Terran - Winner!

Build Orders: MMM Bio 

Get SALT Encoding   

  12  0:01  SCV  
  13  0:13  SCV  
  14  0:18  Supply Depot  
  14  0:25  SCV  
  15  0:40  SCV  
  15  0:41  Barracks  
  16  0:52  SCV  
  17  1:04  SCV  
  18  1:16  SCV  
  19  1:28  Command Center  
  19  1:34  Orbital Command  
  19  1:36  Marine  
  20  1:47  Supply Depot  
  20  1:54  Marine  
  20  1:56  Barracks  
  21  2:02  SCV  
  22  2:15  SCV  
  23  2:16  Marine  
  23  2:21  Refinery  
  23  2:22  Barracks  
  24  2:25  Refinery  
  24  2:27  SCV  
  25  2:38  Marine  
  25  2:39  SCV  
  25  2:42  Bunker  
  28  2:51  SCV  
  28  2:53  Orbital Command  
  28  2:54  Marine  
  29  3:03  SCV  
  30  3:14  Marine x2  
  30  3:15  Barracks Tech Lab  
  32  3:21  Factory  
  32  3:34  Barracks Reactor  
  32  3:41  Barracks Reactor  
  32  3:49  Marauder  
  32  3:52  SCV x2  
  32  3:55  Supply Depot, Stimpack  
  36  4:04  SCV  
  36  4:09  SCV  
  38  4:11  Marine x2  
  38  4:12  Factory Reactor  
  38  4:16  SCV  
  41  4:21  Starport, SCV  
  42  4:27  Marine x3  
  42  4:28  Marine, SCV  
  42  4:29  Marine  
  48  4:34  SCV  
  49  4:42  SCV  
  49  4:44  Marine  
  51  4:46  SCV  
  51  4:47  Marauder  
  54  4:53  Supply Depot  
  54  5:00  Barracks x2  
  54  5:14  Medivac x2, SCV, Marine x3  
  62  5:42  Marine  
  62  5:44  Marine  
  62  5:46  SCV  
  62  5:47  SCV  
  62  5:49  Marine  
  62  5:53  Marine  
  62  5:54  Marine  
  62  5:55  Marine x2  
  61  5:59  SCV  
  61  6:00  SCV, Marine  
  61  6:11  SCV  
  61  6:12  SCV  
  61  6:16  Barracks Tech Lab x2  
  61  6:18  Combat Shields  
  62  6:28  Supply Depot  
  62  6:32  Marine x5  
  62  6:33  Medivac, Supply Depot, SCV  
  62  6:35  Command Center  
  70  6:50  SCV x2, Marine x3  
  70  6:51  Marine, Marauder  
  70  6:54  Marine x2  
  78  7:01  Medivac  
  81  7:07  Marine  
  81  7:08  Marine, Supply Depot, Marauder  
  84  7:09  Marine  
  84  7:11  Supply Depot  
  86  7:30  Marine x7  
  91  7:49  Marine x2  
  91  7:50  Marine x4  
  89  8:02  Marine  
  90  8:06  Medivac  
  90  8:07  Marine x2  
  90  8:09  Marauder x2  
  90  8:10  Orbital Command  
  98  8:14  SCV  
  99  8:21  Marauder  
  99  8:24  Engineering Bay  
  101  8:30  Marauder x2  
  101  8:34  Engineering Bay  
  105  8:40  Armory, SCV x2  
  105  8:41  Supply Depot x2, Marine x3  
  109  8:42  Medivac  
  112  8:59  Marine x3  
  112  9:00  Marauder  
  112  9:01  Refinery, Marauder  
  112  9:02  Refinery  
  119  9:09  Supply Depot  
  119  9:11  Refinery, Supply Depot  
  119  9:12  Marauder  
  121  9:22  Marauder  
  121  9:23  SCV x2  
  125  9:26  Marine x2  
  125  9:27  Marine x3  
  130  9:33  Marine  
  130  9:35  SCV x2  
  133  9:42  Marine  
  133  9:44  Marine x2  
  134  9:52  Marine x2  
  132  9:53  Marauder, Marine  
  137  10:01  Marauder  
  137  10:05  Marine  
  137  10:06  Marine  
  141  10:11  Marauder  
  140  10:15  Marauder  
  130  10:22  Marauder  
  130  10:23  Marine x3  
  130  10:24  Marine  
  130  10:31  Medivac  
  130  10:32  Medivac, Marauder  
  134  10:36  Marine  
  134  10:40  Marine  
  134  10:41  Marine x3  
  139  10:50  Marine  
  139  10:53  Marine x2  
  142  10:58  Marine  
  142  10:59  Marine x3  
  146  11:08  Marauder  
Tags
 
Add a new tag
Caveats
  • Supply blocks, unpowered buildings, or Contaminate may cause inaccurate times.
  • Supply counts are checked every 10 seconds.